 Dungeon Crawl Stone Soup version 0.27.0-1-g7a089689b8 (webtiles) character file.

Game seed: 800035635040915806

4 Sobieck the Grasshopper (level 1, 0/9 HPs)
             Began as a Felid Warper on Aug 10, 2021.
             Frozen to death by an endoplasm (5 damage)
             ... on level 1 of the Dungeon.
             The game lasted 00:00:55 (461 turns).

Sobieck the Grasshopper (Felid Warper)               Turns: 461, Time: 00:00:55

Health: 0/9        AC:  1    Str:  7    XL:     1   Next: 50%
Magic:  4/4        EV: 17    Int: 14    God:
Gold:   0          SH:  0    Dex: 15    Spells: 4/4 levels left
                                        Lives:  0   Deaths: 0

rFire    . . .     SeeInvis +     - Unarmed
rCold    . . .     Faith    .   (shield unavailable)
rNeg     . . .     Spirit   .   (armour unavailable)
rPois    .         Reflect  .   (helmet unavailable)
rElec    .         Harm     .   (cloak unavailable)
rCorr    .         Rampage  .   (gloves unavailable)
Will     .....                  (boots unavailable)
Stlth    +.........             (no amulet)
HPRegen  0.03/turn              (no ring)
MPRegen  0.09/turn              (no ring)

@: quick
A: very small, claws 1, fangs 3, see invisible, speed 1, shaggy fur 1, stealthy
paws, no weapons or thrown items, no armour, multi-lived
a: no special abilities


You were on level 1 of the Dungeon.
You visited 1 branch of the dungeon, and saw 1 of its levels.


Innate Abilities, Weirdness & Mutations

You have sharp claws.
You have razor-sharp teeth.
You have supernaturally acute eyesight. (SInv)
You cover ground quickly. (Speed+)
You are covered in fur. (AC +1)
Your paws help you pounce on unaware monsters.
You are incapable of wielding weapons or throwing items.
You cannot wear armour.
You gain extra lives every three experience levels.


   Skills:
 + Level 2.1 Fighting
 - Level 3.2 Dodging
 + Level 2.1 Unarmed Combat
 + Level 2.0 Spellcasting
 + Level 4.5 Translocations


You had 4 spell levels left.
You didn't know any spells.
Your spell library contained the following spells:

 Spells                   Type           Power      Damage    Failure   Level
 Blink                    Tloc           N/A        N/A       5%          2
 Gell's Gravitas          Tloc           7%         N/A       11%         3
 Lesser Beckoning         Tloc           7%         N/A       11%         3
 Teleport Other           Tloc           14%        N/A       11%         3
 Manifold Assault         Tloc           14%        N/A       71%         5

Inventory:

Scrolls
 a - a scroll of blinking {!r}

Dungeon Overview and Level Annotations

Branches:
Dungeon (1/15)

Altars:

#..##..⌠...⌠.[#####
#..##...###........
#J.##(..#<'....# #
##########K.###..###....#
###...........##..⌠...⌠..##
.##.#....................#
#.(.#.######.#######.....#
.####.# #.†KJ.# #.##### ##
#.# #####@###.### # #.#
#.#.....## # ###.###
#..##.##.## # #.....#
....#...†.#.## # #.....#
#.#.#.......#.## #.....#
#..#.........#.## #.....#
#.#.....≈...).#.# ###.....#
#.#....≈_≈....#.#
.##########
#.#....≈.≈....#.#


You could see an endoplasm and a kobold.


Message History

Unknown command.
You open the door.
There is an open door here.
Found a faded altar of an unknown god.
Unknown command.
A rat comes into view.
Danger!
You scratch the rat but do no damage. Your bite misses the rat.
The rat barely misses you.
You scratch the rat. Your bite misses the rat. The rat closely misses you.
You completely miss the rat. You bite the rat, but do no damage.
The rat closely misses you.
You barely miss the rat. The rat misses you.
You closely miss the rat. You barely miss the rat. Your bite misses the rat.
The rat completely misses you.
You scratch the rat but do no damage. The rat barely misses you.
You closely miss the rat. The rat bites you.
You completely miss the rat. The rat barely misses you.
You closely miss the rat. The rat closely misses you.
You closely miss the rat. The rat closely misses you.
You scratch the rat but do no damage. The rat bites you.
You are too injured to fight recklessly!
You are too injured to fight recklessly!
You are too injured to fight recklessly!
You are too injured to fight recklessly!
You scratch the rat.
You kill the rat!
You see here a rat corpse.
You start resting.
Unknown command.
Unknown command.
Unknown command.
A ball python comes into view.
Danger!
You barely miss the ball python. The ball python barely misses you.
The ball python grabs you. The ball python constricts you.
You barely miss the ball python. The ball python bites you.
* * * LOW HITPOINT WARNING * * *
The ball python constricts you.
You are too injured to fight recklessly!
Unknown command.
You barely miss the ball python. The ball python barely misses you.
* * * LOW HITPOINT WARNING * * *
The ball python constricts you.
You closely miss the ball python. The ball python closely misses you.
* * * LOW HITPOINT WARNING * * *
The ball python constricts you.
Unknown command.
You scratch the ball python.
You kill the ball python!
Unknown command.
You start resting.
Unknown command.
A ball python comes into view.
Danger!
You pounce on the unaware helpless ball python!
You scratch the ball python.
You kill the ball python!
Unknown command.
You see here a ball python corpse.
You see here a +0 short sword {short}.
You see here 15 stones {throwing}.
A hobgoblin comes into view.
The hobgoblin shouts!
Danger!
The hobgoblin misses you.
You scratch the hobgoblin but do no damage.
A kobold comes into view. It is wielding a +0 whip.
The hobgoblin closely misses you.
You closely miss the hobgoblin.
The kobold shouts!
The hobgoblin misses you.
Unknown command.
An endoplasm comes into view.
The endoplasm quivers.
You scratch the hobgoblin but do no damage.
You bite the hobgoblin. The hobgoblin hits you.
You closely miss the hobgoblin.
The hobgoblin hits you but does no damage.
You scratch the hobgoblin. The hobgoblin closely misses you.
You scratch the hobgoblin.
You kill the hobgoblin!
The kobold throws a stone.
The stone misses you.
The kobold throws a stone.
The stone misses you.
You start waiting.
An endoplasm is nearby!
Danger!
The endoplasm closely misses you.
Unknown command.
You scratch the endoplasm. The endoplasm hits you.
You scratch the endoplasm but do no damage.
The endoplasm hits you.
You scratch the endoplasm. The endoplasm closely misses you.
Unknown command.
You scratch the endoplasm. The endoplasm freezes you.
You are frozen.
Ouch! That really hurt!
You die...

Action                   || total
-------------------------++-------
Melee: Unarmed           ||    29
       Bite              ||     2
 Stab: Sleeping          ||     1
Armor: Skin              ||     1
Dodge: Dodged            ||    20

Levels and vault maps discovered:
D:1:      scummos_arrival_simple_fountains, layout_loops_cross,
          shapermc_ecumenical_altar_starsandcircs, minmay_box_of_dots

Notes
Turn   | Place    | Note
-------+----------+-------------------------------------------
     0 | D:1      | Sobieck the Felid Warper began the quest for the Orb.
     0 | D:1      | Reached XP level 1. HP: 9/9 MP: 4/4
     7 | D:1      | Found a faded altar of an unknown god.
   110 | D:1      | HP: 2/9 [ball python (1)]
   461 | D:1      | Frozen to death by an endoplasm

Vanquished Creatures
  A hobgoblin (D:1)
  2 ball pythons (D:1)
  A rat (D:1)
4 creatures vanquished.

Table legend:
 A = Non-vault XP
 B = Vault XP
 C = Vault XP percentage of total XP
 D = Non-vault monster count
 E = Vault monster count
 F = Vault count percentage of total count
                 A         B        C        D         E       F
            +---------+---------+-------+---------+---------+-------
      Total |       6 |       0 |   0.0 |       4 |       0 |   0.0
            +---------+---------+-------+---------+---------+-------
        D:1 |       6 |       0 |   0.0 |       4 |       0 |   0.0
            +---------+---------+-------+---------+---------+-------

Illustrated notes

Table legend:
 A = Kills in this place as a percentage of kills in entire the game.
 B = Kills by you in this place as a percentage of kills by you in the entire game.
 C = Kills by friends in this place as a percentage of kills by friends in the entire game.
 D = Other kills in this place as a percentage of other kills in the entire game.
 E = Experience gained in this place as a percentage of experience gained in the entire game.
 F = Experience gained in this place divided by the number of levels of this place that you have seen.
                   A       B       C       D       E      F
               +-------+-------+-------+-------+-------+----------------------
         Total | 100.0 | 100.0 |   N/A |   N/A | 100.0 |   6.0
       Dungeon | 100.0 | 100.0 |   N/A |   N/A | 100.0 |   6.0
               +-------+-------+-------+-------+-------+----------------------

Table legend: (Time is in decaauts)
 A = Elapsed time spent in this place.
 B = Non-inter-level travel time spent in this place.
 C = Inter-level travel time spent in this place.
 D = Time resting spent in this place.
 E = Time spent auto-exploring this place.
 F = Levels seen in this place.
 G = Mean time per level.
                   A        B        C        D        E       F      G
               +--------+--------+--------+--------+--------+-----+--------+
         Total |    434 |    434 |      0 |    305 |     82 |   1 |  434.0 |
       Dungeon |    434 |    434 |      0 |    305 |     82 |   1 |  434.0 |
               +--------+--------+--------+--------+--------+-----+--------+

Top non-repeatable levels by time:
     D:1: 434 daAuts
